Map: Acropolis LE

Players

Smeeeger - Winner!

  • Race: Zerg Zerg
  • League: Platinum
  • Spawn Location: 5:00

fyhJOSE

  • Race: Protoss Protoss
  • League: Platinum
  • Spawn Location: 11:00

VOD

Have the link to the VOD?

Description

Time

  • Played on: July 26, 2019, 9:38 a.m.
  • Length: 11:51
Show
View Real Time Build Order
Export as new Build Order

Smeeeger Zerg - Winner!

Build Orders: Hatch First, Roach Hydra 

Get SALT Encoding   

  12  0:02  Drone  
  13  0:13  Overlord  
  13  0:21  Drone  
  14  0:34  Drone x2  
  16  0:35  Drone  
  17  0:52  Drone  
  17  0:56  Hatchery  
  17  1:00  Drone  
  18  1:05  Extractor  
  17  1:15  Spawning Pool  
  16  1:18  Drone  
  16  1:22  Drone  
  18  1:28  Drone  
  19  2:11  Overlord  
  19  2:13  Drone  
  19  2:14  Hatchery, Drone  
  20  2:19  Roach Warren  
  20  2:22  Queen  
  21  2:24  Drone  
  22  2:40  Drone  
  22  2:41  Extractor  
  22  2:45  Drone  
  23  2:58  Queen  
  25  3:00  Roach  
  27  3:06  Overlord  
  27  3:18  Roach  
  29  3:22  Ravager  
  30  3:28  Roach  
  30  3:29  Roach  
  30  3:31  Roach x2  
  30  3:32  Roach  
  40  3:38  Queen  
  40  3:39  Drone  
  43  3:43  Ravager  
  43  3:47  Overlord  
  43  3:48  Overlord  
  42  4:06  Drone x5  
  47  4:14  Ravager x2  
  49  4:21  Queen  
  51  4:39  Drone x3  
  54  4:57  Hatchery  
  54  4:59  Spore Crawler, Drone  
  54  5:00  Drone x2  
  55  5:15  Drone x3  
  58  5:22  Spore Crawler  
  58  5:23  Overlord x2  
  58  5:24  Overlord  
  58  5:25  Spore Crawler  
  43  6:04  Drone x2  
  43  6:05  Drone x2  
  43  6:09  Extractor  
  43  6:10  Lair, Extractor  
  45  6:14  Drone x3  
  45  6:15  Drone x6  
  45  6:16  Spore Crawler  
  53  6:19  Queen  
  53  6:21  Queen  
  53  6:24  Overlord x2  
  53  6:25  Drone  
  58  6:30  Drone x3  
  61  6:38  Drone x2  
  61  6:39  Drone  
  61  7:14  Hydralisk Den  
  60  7:16  Drone x3  
  60  7:17  Evolution Chamber  
  60  7:18  Drone x3, Evolution Chamber  
  60  7:19  Hatchery, Drone x2  
  60  7:20  Glial Reconstitution  
  65  7:23  Drone x3  
  65  7:24  Drone  
  69  7:34  Roach  
  69  7:36  Roach x4  
  79  7:38  Queen  
  79  7:41  Queen  
  79  7:44  Overseer, Extractor  
  83  7:45  Extractor  
  83  7:46  Drone x3  
  83  7:47  Drone x3  
  87  7:53  Zerg Ground Armor Level 1, Zerg Missile Weapons Level 1  
  87  7:57  Hatchery  
  86  7:58  Muscular Augments  
  86  8:03  Overlord x4  
  86  8:17  Pneumatized Carapace  
  86  8:23  Hydralisk  
  86  8:24  Hydralisk x3  
  94  8:31  Hydralisk  
  94  8:33  Drone  
  94  8:34  Drone x10  
  107  8:41  Hydralisk  
  107  8:42  Hydralisk x2  
  113  8:51  Hydralisk  
  113  8:52  Hydralisk x2  
  113  8:53  Hydralisk  
  118  9:00  Drone x3  
  118  9:02  Spore Crawler, Drone x4  
  123  9:03  Queen  
  125  9:10  Grooved Spines, Overlord x3  
  125  9:12  Hydralisk x4  
  133  9:17  Drone x2, Extractor  
  133  9:18  Drone  
  133  9:20  Drone x2  
  133  9:21  Drone x2, Extractor  
  138  9:24  Infestation Pit  
  138  9:28  Hydralisk x3  
  143  9:43  Roach  
  143  9:44  Roach x4, Baneling Nest  
  152  9:57  Drone x2  
  152  9:58  Drone  
  155  10:03  Overlord x4  
  155  10:23  Hydralisk x4  
  155  10:24  Hydralisk x8  
  155  10:27  Hydralisk  
  181  10:43  Hydralisk x4  
  187  10:55  Hydralisk x4  
  169  11:11  Hydralisk x8  
  175  11:25  Hydralisk x5  
Show
View Real Time Build Order
Export as new Build Order

fyhJOSE Protoss 

Build Orders:  

Get SALT Encoding   

  12  0:03  Probe  
  13  0:15  Probe  
  14  0:23  Pylon  
  14  0:28  Probe  
  14  0:33  Assimilator  
  15  0:41  Probe  
  16  0:47  Forge  
  16  0:53  Probe  
  17  1:03  Pylon  
  17  1:05  Probe  
  18  1:17  Probe  
  19  1:23  Photon Cannon  
  19  1:29  Probe  
  20  1:37  Photon Cannon  
  20  1:42  Probe  
  20  1:55  Probe  
  21  2:03  Gateway  
  21  2:07  Probe  
  22  2:17  Photon Cannon  
  22  2:28  Nexus  
  22  2:36  Pylon  
  22  2:54  Cybernetics Core  
  22  2:57  Zealot  
  24  3:04  Probe, Assimilator  
  25  3:16  Probe  
  25  3:17  Gateway  
  26  3:31  Probe  
  27  3:35  Stargate  
  27  3:38  Twilight Council  
  27  3:44  Gateway, Probe  
  27  3:46  Probe  
  29  3:49  Warp Gate  
  27  4:14  Adept x2  
  27  4:15  Probe x2  
  33  4:18  Phoenix  
  35  4:27  Probe x2  
  37  4:34  Void Ray  
  37  4:44  Gateway  
  41  4:57  Probe  
  41  4:58  Probe  
  43  5:10  Probe x2  
  45  5:19  Pylon  
  45  5:22  Probe  
  46  5:32  Fleet Beacon  
  46  5:37  Void Ray  
  50  5:49  Pylon  
  47  6:02  Pylon  
  45  6:08  Assimilator  
  45  6:12  Assimilator  
  45  6:21  Carrier  
  51  6:36  Probe x2  
  51  6:38  Nexus  
  53  6:42  Assimilator  
  53  6:44  Probe x2  
  53  6:45  Adept x2, Assimilator  
  53  6:46  Adept  
  59  6:53  Probe  
  62  7:08  Pylon  
  62  7:09  Pylon  
  62  7:11  Pylon  
  62  7:13  Pylon  
  62  7:15  Pylon  
  62  7:26  Probe x2  
  64  7:36  Templar Archives  
  64  7:38  Probe x2  
  66  7:50  Probe  
  67  8:08  Carrier  
  67  8:12  Charge  
  73  8:14  High Templar x2  
  73  8:18  Probe x3  
  80  8:30  Probe x3  
  83  8:42  Probe x2  
  81  8:59  Probe x2  
  81  9:02  Probe  
  80  9:07  Probe x2  
  80  9:14  Probe  
  80  9:16  Probe x2  
  83  9:17  High Templar x2  
  83  9:21  Psionic Storm  
  83  9:23  Carrier  
  95  9:26  Probe  
  95  9:28  Stargate  
  95  9:30  Stargate  
  96  9:51  Nexus  
  94  9:54  Assimilator  
  94  9:58  Assimilator  
  94  10:01  Shield Battery x2  
  94  10:03  Shield Battery  
  94  10:05  Photon Cannon  
  94  10:06  Photon Cannon  
  94  10:09  Photon Cannon  
  94  10:11  Photon Cannon, Pylon  
  94  10:14  Pylon  
  94  10:16  Pylon  
  94  10:22  Zealot x3  
  94  10:23  Zealot  
  84  10:47  Zealot x3  
  68  11:14  Zealot x4  
  55  11:41  Zealot x3  
Tags
 
Composition
Roach Hydra
Matchup
PvZ
Replay Pack
SC2 replays
Spawn Locations
Cross Positions
Add a new tag
Caveats
  • Supply blocks, unpowered buildings, or Contaminate may cause inaccurate times.
  • Supply counts are checked every 10 seconds.